[Event "Asian Amateur-ch Open 2022"]
[Site "Muscat"]
[Date "2022.10.05"]
[Round "9.15"]
[White "Gabdushev, Arman"]
[Black "Al Balushi, Emad"]
[Result "0-1"]
[ECO "B84"]
[WhiteElo "1827"]
[BlackElo "1617"]
[Annotator "NA RC COMBH"]
[PlyCount "58"]
[EventDate "2022.09.29"]
[EventType "swiss"]
[EventCountry "OMN"]
[SourceTitle "playchess.com"]
[Source "ChessBase"]
[SourceQuality "1"]
[TimeControl "5400+30"]

1. e4 c5 2. Nf3 d6 3. d4 cxd4 4. Nxd4 Nf6 5. Nc3 a6 6. Be2 e6 7. Be3 {[%emt 0:00:15] is currently scoring better than 7.0-0.} Be7 8. Qd2 b5 9. f3 O-O {[%emt 0:00:48] [#]} 10. h4 $146 (10. a3 {is more appropriate.}) ({Predecessor:} 10. O-O Qc7 11. g4 Rd8 12. g5 Nfd7 13. f4 Nc6 14. Nxc6 Qxc6 15. Bf3 Bb7 16. e5 {1-0 (69) Fuzishawa,R (2297)-McLeod,S (2311) LSS email 2017}) 10... Bb7 11. h5 Nbd7 12. g4 $1 Ne5 13. g5 Nfd7 $1 14. O-O-O Nb6 15. g6 (15. b3 {is superior.}) 15... Nbc4 16. Bxc4 Nxc4 17. Qd3 Nxe3 18. Qxe3 e5 ({Black should try} 18... Bg5 $11 19. f4 Bh6) 19. gxh7+ (19. h6 $11 gxh6 20. gxh7+ Kh8 21. Nde2 (21. Nf5 $2 Bg5 $19)) 19... Kxh7 20. Nde2 $1 ({Don't go for} 20. Nf5 $2 Bg5 21. Rhg1 Bxe3+ $19) 20... Bg5 21. f4 Bh6 ({Better is} 21... exf4 $15 22. Nxf4 f5) 22. Kb1 f5 23. Nd5 Kh8 (23... Qe8 $1 $15 {deserves consideration.} 24. Nc7 Qc8) 24. exf5 $11 Rxf5 25. Qh3 Bxd5 26. Rxd5 Qf6 27. fxe5 dxe5 28. Rhd1 Rf8 29. Rd6 Qxd6 0-1

[Event "Asian Amateur-ch Open 2022"]
[Site "Muscat"]
[Date "2022.10.05"]
[Round "9.16"]
[White "Khayat, Emad"]
[Black "Jaradat, Othman"]
[Result "1-0"]
[ECO "E05"]
[WhiteElo "1597"]
[BlackElo "1751"]
[Annotator "NA RC COMBH"]
[PlyCount "59"]
[EventDate "2022.09.29"]
[EventType "swiss"]
[EventCountry "OMN"]
[SourceTitle "playchess.com"]
[Source "ChessBase"]
[SourceQuality "1"]
[TimeControl "5400+30"]

1. d4 e6 2. Nf3 d5 3. g3 Nf6 4. Bg2 Be7 5. O-O O-O 6. c4 dxc4 7. Ne5 Nc6 8. Bxc6 bxc6 9. Nxc6 Qe8 10. Nxe7+ Qxe7 11. Qa4 Qd6 12. Rd1 Rd8 13. Nc3 Nd5 14. Ne4 Qb4 15. Qxb4 Nxb4 16. Bf4 Nc2 17. Rac1 Nxd4 18. Kf1 Rd5 19. Rxc4 Nf5 20. Rdc1 e5 21. Rxc7 Be6 22. Nc3 Ra5 23. b4 Ra6 24. Bxe5 f6 25. Bf4 Bxa2 26. b5 Ra3 27. Ra1 Rxc3 28. Rxc3 Bd5 29. Rc5 Be6 30. b6 1-0

[Event "Asian Amateur-ch Open 2022"]
[Site "Muscat"]
[Date "2022.10.05"]
[Round "9.17"]
[White "Krishanu Sai"]
[Black "Reyes, Danilo G."]
[Result "1-0"]
[ECO "B07"]
[WhiteElo "1748"]
[BlackElo "1584"]
[Annotator "NA RC COMBH"]
[PlyCount "129"]
[EventDate "2022.09.29"]
[EventType "swiss"]
[EventCountry "OMN"]
[SourceTitle "playchess.com"]
[Source "ChessBase"]
[SourceQuality "1"]
[TimeControl "5400+30"]

1. e4 d6 2. d4 Nf6 3. Nc3 g6 4. Be3 c6 5. f3 b5 6. a3 Bb7 7. h4 Nbd7 8. Nge2 h5 9. Qd2 a6 10. Rd1 Qc7 11. Kf2 Bg7 12. g3 c5 13. dxc5 Nxc5 14. Bg2 Rc8 15. Nf4 Ncd7 16. Bh3 O-O 17. Nfd5 Bxd5 18. exd5 Rb8 19. Ra1 Ne5 20. b3 Neg4+ 21. fxg4 Nxg4+ 22. Bxg4 Bxc3 23. Qd3 hxg4 24. Ra2 Be5 25. h5 Qc3 26. Qxc3 Bxc3 27. Rh4 f5 28. hxg6 Rf6 29. Rh7 Re8 30. Bg5 Rxg6 31. Rxe7 Rxe7 32. Bxe7 Kf7 33. Bh4 Rh6 34. Ke3 Rxh4 35. gxh4 g3 36. Kf3 f4 37. b4 Kg6 38. a4 Kh5 39. axb5 axb5 40. Ra7 Kxh4 41. Kxf4 Be5+ 42. Kf3 Bc3 43. Rb7 Bxb4 44. Rxb5 Bc3 45. Rb7 Kg5 46. Kxg3 Kf5 47. Re7 Bf6 48. Re6 Be5+ 49. Kf3 Bh2 50. c4 Be5 51. Ke3 Bf4+ 52. Kd3 Be5 53. Re8 Kf6 54. Ke4 Bh2 55. Re6+ Kf7 56. Kf5 Bg3 57. Rf6+ Ke7 58. Rh6 Kd7 59. Rh7+ Kd8 60. Ke6 Kc8 61. Rd7 Bh2 62. Rxd6 Kc7 63. Rc6+ Kb7 64. Kd7 Bg3 65. c5 1-0

[Event "Asian Amateur-ch Open 2022"]
[Site "Muscat"]
[Date "2022.10.05"]
[Round "9.18"]
[White "Al Zaabi, Faras"]
[Black "Ibnu, Iwan Schani"]
[Result "1/2-1/2"]
[ECO "C54"]
[WhiteElo "1514"]
[BlackElo "1689"]
[Annotator "NA RC COMBH"]
[PlyCount "54"]
[EventDate "2022.09.29"]
[EventType "swiss"]
[EventCountry "OMN"]
[SourceTitle "playchess.com"]
[Source "ChessBase"]
[SourceQuality "1"]
[TimeControl "5400+30"]

1. e4 e5 2. Nf3 Nc6 3. Bc4 Bc5 4. c3 Nf6 5. d3 O-O 6. O-O d6 7. h3 h6 8. Re1 a5 9. d4 Bb6 10. Bb3 Qe7 11. Bc2 Nh5 12. Nxe5 dxe5 13. Qxh5 exd4 14. e5 f5 15. Bf4 Be6 16. Bxh6 dxc3 17. Nxc3 Nd4 18. Bg5 Qb4 19. Bd3 a4 20. Ne2 Qxb2 21. Nf4 Bf7 22. Ng6 Nf3+ 23. Qxf3 Bxg6 24. Bc4+ Kh7 25. Rad1 Ra5 26. Qf4 Bh5 27. Rd7 Qc3 1/2-1/2

[Event "Asian Amateur-ch Open 2022"]
[Site "Muscat"]
[Date "2022.10.05"]
[Round "9.19"]
[White "Hamdan Edrees, Alhamed"]
[Black "Hisoriev, Shorahmat"]
[Result "1/2-1/2"]
[ECO "B23"]
[WhiteElo "1467"]
[BlackElo "1681"]
[Annotator "NA RC COMBH"]
[PlyCount "118"]
[EventDate "2022.09.29"]
[EventType "swiss"]
[EventCountry "OMN"]
[SourceTitle "playchess.com"]
[Source "ChessBase"]
[SourceQuality "1"]
[TimeControl "5400+30"]

1. e4 c5 2. Nc3 Nc6 3. f4 e5 4. fxe5 Nxe5 5. d4 cxd4 6. Qxd4 Nc6 7. Qd1 Bb4 8. Bd2 Bxc3 9. Bxc3 Qh4+ 10. g3 Qxe4+ 11. Qe2 Qxe2+ 12. Nxe2 f6 13. Nf4 Nge7 14. Bc4 Ne5 15. Bb3 Nf7 16. Bb4 Nc6 17. Bc5 b6 18. Ba3 Bb7 19. O-O-O Nce5 20. Rhe1 O-O-O 21. Nd5 Rhe8 22. Ne7+ Kb8 23. Nf5 g6 24. Nd6 Nxd6 25. Bxd6+ Kc8 26. Rf1 f5 27. Rf4 Bc6 28. Rh4 h5 29. Bxe5 Rxe5 30. Rd6 a5 31. Rxg6 Kb7 32. Bc4 Be4 33. Rd6 Kc7 34. Rd4 d5 35. Bb5 Kd6 36. c3 Kc5 37. a4 Rh8 38. Kd2 Re7 39. Be2 Kd6 40. Bd1 Ke5 41. Ke3 Kf6 42. Kf4 Bg2 43. Rxh5 Rxh5 44. Bxh5 Rh7 45. g4 fxg4 46. Bxg4 Be4 47. Rd2 Rh4 48. h3 Rh8 49. c4 Rd8 50. cxd5 Rxd5 51. Rxd5 Bxd5 52. Bd1 Bc6 53. h4 b5 54. axb5 Bxb5 55. Ke4 Ke6 56. h5 Be8 57. Kf4 Kf6 58. Kg4 Bd7+ 59. Kf4 Be8 1/2-1/2

[Event "Asian Amateur-ch Open 2022"]
[Site "Muscat"]
[Date "2022.10.05"]
[Round "9.21"]
[White "Muhammed, Zahid"]
[Black "Al Yahmadi, Anas"]
[Result "1/2-1/2"]
[ECO "A04"]
[WhiteElo "1677"]
[BlackElo "1365"]
[Annotator "NA RC COMBH"]
[PlyCount "121"]
[EventDate "2022.09.29"]
[EventType "swiss"]
[EventCountry "OMN"]
[SourceTitle "playchess.com"]
[Source "ChessBase"]
[SourceQuality "1"]
[TimeControl "5400+30"]

1. e4 c5 2. Nf3 Nc6 3. d3 d6 4. g3 g6 5. Bg2 Bg7 6. c3 Nf6 7. O-O Bg4 8. Nbd2 Qd7 9. Qa4 Rb8 10. Re1 O-O 11. d4 Nxd4 12. Qxd7 Nxf3+ 13. Nxf3 Nxd7 14. Bf4 a5 15. h3 Bxf3 16. Bxf3 b5 17. Rad1 b4 18. Bd2 bxc3 19. Bxc3 Bxc3 20. bxc3 Rb2 21. Re2 Rfb8 22. Rdd2 Rb1+ 23. Kh2 Ne5 24. Kg2 a4 25. Rc2 a3 26. Red2 Nc4 27. Rd1 R1b2 28. Rdc1 Ne5 29. Be2 c4 30. f4 Nd3 31. Bxd3 cxd3 32. Rf2 Rxf2+ 33. Kxf2 Rb2+ 34. Ke3 Rxa2 35. Kxd3 Rh2 36. Ra1 Rxh3 37. Rxa3 Rxg3+ 38. Ke2 f6 39. Kf2 Rd3 40. Ra7 e5 41. fxe5 fxe5 42. Rd7 Rxc3 43. Rxd6 Rc7 44. Re6 Rc5 45. Re7 h5 46. Kg3 Kf8 47. Rh7 Rc6 48. Kh4 Rf6 49. Kg5 Rf7 50. Rh8+ Kg7 51. Re8 h4 52. Kxh4 Rf4+ 53. Kg5 Rxe4 54. Re6 Kf7 55. Rf6+ Ke7 56. Rxg6 Rf4 57. Ra6 Rf1 58. Kg4 e4 59. Ra4 Kf6 60. Rxe4 Rg1+ 61. Kf4 1/2-1/2

[Event "Asian Amateur-ch Open 2022"]
[Site "Muscat"]
[Date "2022.10.05"]
[Round "9.22"]
[White "Muhammad Shahzeb"]
[Black "Shaurya Dinesh Sawlani"]
[Result "1/2-1/2"]
[ECO "B23"]
[WhiteElo "1992"]
[BlackElo "1448"]
[Annotator "TA"]
[PlyCount "116"]
[EventDate "2022.09.29"]
[EventType "swiss"]
[EventCountry "OMN"]
[SourceTitle "playchess.com"]
[Source "ChessBase"]
[SourceQuality "1"]
[TimeControl "5400+30"]

1. e4 c5 2. Nc3 e6 3. f4 d5 4. Nf3 Nc6 5. Bb5 Nge7 6. Qe2 d4 7. Nd1 a6 {[%emt 0:00:00] B23: Closed Sicilian: Lines without g3.} 8. Bxc6+ Nxc6 9. a4 Be7 {[%emt 0:00:00] Black is slightly better.} 10. O-O O-O 11. d3 {[%emt 0:00:00] [#]} Rb8 $146 (11... f6 $15) ({Predecessor:} 11... f5 12. Nf2 Qc7 13. Bd2 Bd7 14. Kh1 Rae8 15. e5 Nd8 16. a5 Bc6 17. b3 Kh8 {0-1 (50) Lupu,O (2196)-Banzea,A (2013) Targu Mures 2014}) 12. Ne5 Nxe5 13. fxe5 Bg5 14. Qh5 Bxc1 15. Rxc1 Qe8 16. Nf2 f5 17. Qh4 Qd8 18. Qg3 f4 19. Qg4 Qc7 20. Qh5 Bd7 21. Ng4 (21. Nh3 $11) 21... Bxa4 $15 22. Rf3 Be8 23. Qg5 Qd8 24. Nh6+ Kh8 25. Rxf4 Bg6 (25... Qxg5 $2 26. Rxf8#) 26. Rxf8+ Qxf8 27. Ng4 Qd8 28. Qd2 Qe7 29. Nf2 Rf8 (29... Qc7 {is more complex.} 30. Qg5 Rf8 31. c3 Qf7) 30. Nh3 (30. Qa5 {keeps more tension.} Qg5 31. Rf1 Qxe5 32. Qb6) 30... Kg8 (30... Qc7 $5 ) 31. b3 (31. Qa5 $11) 31... Qc7 $17 32. Qg5 b5 33. Nf4 (33. Ra1 $11) 33... Bf7 $1 34. Ne2 Bg6 (34... a5 $17 {Threatens to win with ...h6.} 35. Ra1 h6) 35. h4 (35. Nf4 $11 {remains equal.} Bf7 36. Nh5 Bxh5 37. Qxh5) 35... Qf7 (35... Be8 $17) 36. Ng3 $1 $11 Qf2+ 37. Kh2 {[%emt 0:00:00] aiming for Rf1.} Qe3 38. Ra1 Qxg5 39. hxg5 {[%emt 0:00:00][%mdl 4096] Endgame KRB-KRN} Ra8 40. Ra5 Kf7 41. Kh3 (41. b4 $5) 41... Ke7 42. Ne2 Kd7 43. b4 Kc6 44. bxc5 Kxc5 45. Nc1 (45. Kg3 $15) 45... Kb6 $2 ({Black should play} 45... Kb4 $19 46. Ra2 a5) 46. Nb3 Rd8 {[%emt 0:00:40][%cal Og6e4] And now ...Bxe4! would win.} 47. Kg4 Rd7 48. Rxa6+ $2 Kxa6 $19 49. Nc5+ {[%emt 0:00:00] [#]} Ka5 $1 50. Nxd7 {[%emt 0:00:00] KB-KN} Kb4 51. Kf3 Kc3 52. Nc5 Kxc2 53. Nxe6 Kxd3 54. Nf4+ {[%emt 0:02:31] [#]} Kc2 $1 {[%emt 0:00:08] Strongly threatening ...d3.} 55. Ne2 Kd3 56. Nf4+ Kc2 {[%emt 0:00:09] White must now prevent ...d3.} 57. Ne2 $1 ({But not} 57. Nxg6 $2 d3 58. Nf4 d2 $19) 57... Kd3 (57... Bh5+ $19 58. g4 Be8 59. Nxd4+ Kd3) 58. Nf4+ $11 Kc2 {[%emt 0:00:04] Weighted Error Value: White=0.34/Black=0.29 (precise)} 1/2-1/2

[Event "Asian Amateur-ch Open 2022"]
[Site "Muscat"]
[Date "2022.10.05"]
[Round "9.26"]
[White "Al Mamari Mohammed Salim"]
[Black "Said Ahmed Ali Jidal Fadhil"]
[Result "1-0"]
[ECO "D02"]
[WhiteElo "1685"]
[BlackElo "1755"]
[Annotator "NA RC COMBH"]
[PlyCount "129"]
[EventDate "2022.09.29"]
[EventType "swiss"]
[EventCountry "OMN"]
[SourceTitle "playchess.com"]
[Source "ChessBase"]
[SourceQuality "1"]
[TimeControl "5400+30"]

1. d4 d5 2. Bf4 c5 3. e3 Nc6 4. Nf3 Nf6 5. Nbd2 cxd4 6. exd4 Qb6 7. Nb3 Bg4 8. c3 Nh5 9. Be3 e6 10. h3 Bxf3 11. Qxf3 Nf6 12. Bd3 Be7 13. O-O O-O 14. Rab1 Rfc8 15. Rfe1 Qd8 16. Bg5 b6 17. Ba6 Rc7 18. Bf4 Bd6 19. Bxd6 Qxd6 20. Bd3 Ne7 21. Qe2 Ng6 22. g3 Re7 23. Nd2 Rae8 24. Bxg6 hxg6 25. Nf3 Ne4 26. Ne5 Kh7 27. Qg4 Nf6 28. Qh4+ Kg8 29. Qf4 Nd7 30. Nxg6 Qc6 31. Nxe7+ Rxe7 32. Re2 b5 33. Qh4 Re8 34. Qf4 a6 35. h4 Qc4 36. Ree1 Nf6 37. a3 Ne4 38. f3 Nf6 39. g4 a5 40. h5 Nh7 41. g5 f6 42. g6 Ng5 43. Kg2 e5 44. Qe3 Qc8 45. f4 Ne4 46. Qh3 Qc4 47. h6 gxh6 48. Qxh6 Re7 49. f5 Qd3 50. Qe3 Qc4 51. Qe2 Qc8 52. Qh5 Qf8 53. Rh1 Qg7 54. Rh2 Ng5 55. Rbh1 exd4 56. Qh8+ Qxh8 57. Rxh8+ Kg7 58. R1h7+ Nxh7 59. Rxh7+ Kf8 60. Rxe7 dxc3 61. Re2 d4 62. bxc3 dxc3 63. Rc2 b4 64. axb4 axb4 65. Kf3 1-0

[Event "Asian Amateur-ch Open 2022"]
[Site "Muscat"]
[Date "2022.10.05"]
[Round "9.27"]
[White "Ghaith Saeed Alnuaimi"]
[Black "kloub.M"]
[Result "1-0"]
[ECO "E11"]
[WhiteElo "1269"]
[BlackElo "1687"]
[Annotator "NA RC COMBH"]
[PlyCount "51"]
[EventDate "2022.09.29"]
[EventType "swiss"]
[EventCountry "OMN"]
[SourceTitle "playchess.com"]
[Source "ChessBase"]
[SourceQuality "1"]
[TimeControl "5400+30"]

1. d4 d5 2. c4 e6 3. Nf3 Nf6 4. g3 Bb4+ 5. Bd2 Be7 6. Bg2 O-O 7. O-O c6 8. Qc2 Nbd7 9. b3 Ne4 10. Nc3 Nxd2 11. Nxd2 Nf6 12. e3 c5 13. dxc5 Bxc5 14. cxd5 exd5 15. Nxd5 Nxd5 16. Qxc5 Be6 17. Nf3 Rc8 18. Qxa7 b6 19. Nd4 Rc7 20. Nxe6 fxe6 21. Qa6 Rc2 22. Qd3 Rfxf2 23. Rxf2 Rxf2 24. Bxd5 Rf7 25. Bc4 Qf6 26. Rf1 1-0

[Event "Asian Amateur-ch Open 2022"]
[Site "Muscat"]
[Date "2022.10.05"]
[Round "9.28"]
[White "Al Hosni, Khalfan"]
[Black "Al Balushi, Said"]
[Result "1-0"]
[ECO "C02"]
[WhiteElo "1680"]
[BlackElo "1495"]
[Annotator "NA RC COMBH"]
[PlyCount "75"]
[EventDate "2022.09.29"]
[EventType "swiss"]
[EventCountry "OMN"]
[SourceTitle "playchess.com"]
[Source "ChessBase"]
[SourceQuality "1"]
[TimeControl "5400+30"]

1. e4 e6 2. d4 d5 3. e5 c5 4. c3 Nc6 5. Nf3 Bd7 6. Bd3 cxd4 7. O-O dxc3 8. Nxc3 Nge7 9. Bg5 a6 10. a3 h6 11. Bh4 g5 12. Bg3 Bg7 13. Re1 O-O 14. h4 g4 15. Nh2 h5 16. Bf4 Ng6 17. Bg5 Qb6 18. Na4 Qa7 19. Rc1 Ncxe5 20. Nc5 Nxd3 21. Qxd3 b6 22. Nb3 Rac8 23. Nf1 Bb5 24. Qe3 Bxf1 25. Rxf1 Bxb2 26. Rxc8 Rxc8 27. Nd4 Bxd4 28. Qxd4 Ne7 29. Bf6 Nf5 30. Qf4 Kf8 31. Re1 Qc7 32. Qg5 Ke8 33. Qxf5 Qc4 34. Rxe6+ Kf8 35. Be7+ Ke8 36. Bc5+ fxe6 37. Qxe6+ Kd8 38. Qe7# 1-0

[Event "Asian Amateur-ch Open 2022"]
[Site "Muscat"]
[Date "2022.10.05"]
[Round "9.33"]
[White "Nadeem Aziz"]
[Black "Alhassan, Meshari"]
[Result "1-0"]
[ECO "A81"]
[WhiteElo "1797"]
[BlackElo "1372"]
[Annotator "NA RC COMBH"]
[PlyCount "37"]
[EventDate "2022.09.29"]
[EventType "swiss"]
[EventCountry "OMN"]
[SourceTitle "playchess.com"]
[Source "ChessBase"]
[SourceQuality "1"]
[TimeControl "5400+30"]

1. d4 f5 2. Nf3 Nf6 3. g3 e6 4. Bg2 d5 5. O-O Nc6 6. Bg5 Nb8 7. c4 c6 8. cxd5 cxd5 9. Nc3 a6 10. Rc1 Nbd7 11. Qa4 Bd6 12. Nb5 Bb8 13. Qa3 Kf7 14. Nd6+ Bxd6 15. Qxd6 h6 16. Bxf6 Nxf6 17. Ne5+ Ke8 18. Qc7 Bd7 19. Qxb7 1-0